 Dungeon Crawl Stone Soup version 0.29.1-2-gbd0b4ee654 (webtiles) character file.

Game seed: 15330201964471602581

28 tevo3000 the Trooper (level 3, -4/24 HPs)
             Began as a Gargoyle Monk on Nov 27, 2022.
             Killed from afar by Sigmund (7 damage)
             ... with a magic dart
             ... on level 2 of the Dungeon.
             The game lasted 00:04:59 (1160 turns).

tevo3000 the Trooper (Gargoyle Monk)                Turns: 1160, Time: 00:04:59

Health: -4/24      AC:  8    Str: 16    XL:     3   Next: 14%
Magic:  3/3        EV: 11    Int: 10    God:
Gold:   8          SH:  0    Dex: 12    Spells: 2/2 levels left

rFire   . . .      SeeInvis .   a - +0 mace
rCold   . . .      Faith    .   (no shield)
rNeg    + . .      Spirit   .   f - +0 ring mail
rPois   ∞          Reflect  .   (no helmet)
rElec   +          Harm     .   (no cloak)
rCorr   .          Rampage  .   (no gloves)
Will    .....                   (no boots)
Stlth   +.........              (no amulet)
HPRegen 0.08/turn               (no ring)
MPRegen 0.08/turn               (no ring)

@: no status effects
A: sickness immunity, AC +3, negative energy resistance 1, electricity
resistance, torment resistance 1, petrification resistance
a: no special abilities


You were on level 2 of the Dungeon.
You visited 1 branch of the dungeon, and saw 2 of its levels.

You collected 8 gold pieces.

Inventory:

Hand Weapons
 a - a +0 mace (weapon)
Armour
 b - a +0 robe
 f - a +0 ring mail (worn)
Scrolls
 c - 2 scrolls of identify
 g - 3 scrolls of teleportation
 h - a scroll of magic mapping {unknown}
 j - 2 scrolls of enchant armour {unknown}


   Skills:
 * Level 3.8 Fighting
 * Level 3.5 Maces & Flails
 + Level 1.1 Armour
 - Level 2.4 Dodging
 - Level 2.1 Stealth


You had 2 spell levels left.
You didn't know any spells.
Your spell library was empty.

Dungeon Overview and Level Annotations

Branches:
Dungeon (2/15)

Altars:

Annotations:
D:2 Sigmund


Innate Abilities, Weirdness & Mutations

You are immune to sickness and miasma.
Your stone body is resilient. (AC +3)
You are immune to poison.
You resist negative energy. (rN+)
You are resistant to electric shocks. (rElec)
You are resistant to unholy torment.
You are immune to petrification.


Message History

There are monsters nearby!
There are monsters nearby!
There are monsters nearby!
There are monsters nearby!
There are monsters nearby!
There are monsters nearby!
There are monsters nearby!
There are monsters nearby!
There are monsters nearby!
There are monsters nearby!
There are monsters nearby!
There are monsters nearby!
There are monsters nearby!
There are monsters nearby!
There are monsters nearby!
There are monsters nearby!
There are monsters nearby!
There are monsters nearby!
There are monsters nearby!
There are monsters nearby!
There are monsters nearby!
There are monsters nearby!
There are monsters nearby!
There are monsters nearby!
There are monsters nearby!
There are monsters nearby!
There are monsters nearby!
There are monsters nearby!
There are monsters nearby!
There are monsters nearby!
There are monsters nearby!
Sigmund hits you with a +0 scythe.
* * * LOW HITPOINT WARNING * * *
You feel less wooden.
Your +0 ring mail unmelds from your body.
Sigmund misses you.
A dart slug comes into view.
Sigmund casts a spell at you. The magic dart hits you!
You die...

.........#
........#
##..[..S..K ...
..... ##.. ... ##
...###.# ...#
#.#...#####w#
###.#+#....S@@....#
#.........#########
#...............#
#........####.###
#........#
#........#
#........#
###.#'#### #.#.#


You could see Sigmund, a dart slug (wandering) and a ball python.

Vanquished Creatures
  5 ball pythons (D:1)
  6 bats (D:1)
  2 endoplasms (D:1)
  2 goblins (D:1)
  A hobgoblin (D:1)
  2 jackals (D:1)
  4 kobolds
  2 frilled lizards (D:1)
  A rat (D:1)
25 creatures vanquished.

Notes
Turn   | Place    | Note
-------+----------+-------------------------------------------
     0 | D:1      | tevo3000 the Gargoyle Monk began the quest for the Orb.
     0 | D:1      | Reached XP level 1. HP: 14/14 MP: 1/1
   218 | D:1      | Reached XP level 2. HP: 18/19 MP: 2/2
   542 | D:1      | Reached skill level 1 in Armour
   700 | D:1      | Reached XP level 3. HP: 22/24 MP: 3/3
   880 | D:1      | Found a faded altar of an unknown god.
  1106 | D:2      | Noticed Sigmund
  1160 | D:2      | Killed from afar by Sigmund

Illustrated notes

Levels and vault maps discovered:
D:1:      saegor_arrival_under_anarchy, layout_basic,
          shapermc_ecumenical_altar_mp_vishouse
D:2:      minmay_alternating_diamond, layout_basic, serial_shops,
          nicolae_diamond_shop, uniq_sigmund, uniq_crazy_yiuf_cottage,
          uniq_terence

Skill      XL: |  1  2 |
---------------+-------+-----
Armour         | 1 |  1.1
Fighting       | |  3.8
Maces & Flails | |  3.5
Dodging        | |  2.4
Stealth        | |  2.1

Action                   || total
-------------------------++-------
Melee: Mace              ||    82
       Punch             ||     1
  Use: Potion            ||     4
       Scroll            ||     1
 Stab: Sleeping          ||     1
Armor: Ring mail         ||    65
       Robe              ||     1
       Skin              ||    14
Dodge: Dodged            ||    59
